Map: Lightshade LE

Players

Sts - Winner!

  • Race: Terran Terran
  • Spawn Location: 11:00

MoJeaux

  • Race: Protoss Protoss
  • Spawn Location: 5:00

VOD

Have the link to the VOD?

Description

Match 1

Time

  • Played on: Dec. 27, 2020, 1:17 a.m.
  • Length: 13:28
Show
View Real Time Build Order
Export as new Build Order

Sts Terran - Winner!

Build Orders: Reaper Expand 

Get SALT Encoding   

  12  0:00  SCV  
  13  0:12  SCV  
  14  0:19  Supply Depot  
  14  0:27  SCV  
  15  0:36  Refinery  
  15  0:41  SCV  
  16  0:45  Barracks  
  16  0:53  SCV  
  17  1:05  SCV  
  18  1:28  SCV  
  19  1:35  Supply Depot  
  19  1:53  Reaper  
  20  2:02  Command Center  
  20  2:16  Orbital Command  
  19  2:26  Factory  
  19  2:30  Refinery  
  19  2:41  Barracks Reactor  
  19  2:47  Barracks  
  19  2:49  SCV  
  20  3:01  SCV  
  21  3:13  SCV  
  21  3:16  Refinery  
  22  3:20  Starport  
  22  3:21  SCV  
  22  3:24  Marine  
  22  3:25  SCV  
  25  3:30  Marine  
  25  3:33  SCV  
  27  3:37  SCV  
  28  3:41  Marine  
  28  3:45  SCV  
  30  3:49  SCV  
  31  3:57  SCV  
  31  4:01  Barracks, Barracks Reactor  
  32  4:03  Marine x2  
  32  4:07  Medivac  
  36  4:11  SCV  
  37  4:20  Marine  
  37  4:21  Marine  
  37  4:23  SCV  
  40  4:40  Engineering Bay  
  40  4:46  Marine x2  
  40  4:47  Marine x2  
  44  5:04  Marine x2  
  46  5:45  Marine, Supply Depot  
  46  6:03  Medivac, Terran Infantry Weapons Level 1, Marine x2  
  50  6:06  Engineering Bay  
  50  6:08  Supply Depot  
  50  6:15  Barracks Reactor  
  50  6:19  Marine x2  
  50  6:20  Marine x2  
  50  6:23  SCV  
  55  6:26  Command Center  
  55  6:31  Supply Depot  
  55  6:33  Medivac  
  55  6:35  SCV  
  55  6:37  Marine  
  55  6:38  Marine x2  
  61  6:47  SCV  
  61  6:54  Supply Depot  
  61  6:56  Marine  
  61  6:59  SCV  
  63  7:10  Medivac  
  63  7:11  Marine x2, SCV  
  64  7:18  Supply Depot  
  64  7:19  Barracks  
  62  7:29  Marine x4  
  66  7:30  Marine x2  
  68  7:40  Medivac  
  70  7:46  Marine  
  70  7:47  Marine x3  
  70  7:48  Marine x2  
  66  8:06  Marine  
  56  8:40  Barracks Tech Lab  
  46  8:42  Barracks  
  46  8:47  Medivac  
  48  8:51  Terran Infantry Armor Level 1, Supply Depot  
  48  8:57  Armory  
  48  8:58  SCV  
  48  9:01  Refinery, SCV  
  50  9:10  SCV  
  50  9:13  SCV  
  50  9:14  Supply Depot  
  50  9:16  Marine  
  50  9:17  Medivac, Marine x3  
  53  9:20  Marine x2  
  53  9:22  SCV  
  61  9:25  SCV  
  62  9:34  Marine x2, SCV  
  62  9:35  Marine x2  
  62  9:37  Supply Depot  
  62  9:38  Starport, Marine x2, SCV  
  71  9:42  Fusion Core  
  71  9:47  SCV  
  71  9:50  SCV  
  71  9:52  Marauder  
  75  9:53  Marine x2  
  75  9:56  Marine x2  
  78  10:04  Medivac  
  78  10:05  Marine  
  78  10:06  Marine  
  82  10:11  Marine x2  
  82  10:14  Marauder  
  86  10:15  Barracks Tech Lab  
  86  10:17  Marine x2  
  88  10:23  Marine x2  
  88  10:25  Medivac  
  92  10:28  Marine  
  92  10:29  Marine  
  92  10:34  Medivac  
  92  10:35  Marine x2, Marauder  
  98  10:38  Missile Turret  
  98  10:41  Terran Infantry Weapons Level 2, Marine  
  98  10:42  Supply Depot  
  101  10:45  Terran Infantry Armor Level 2  
  101  10:46  Marine x2  
  101  10:48  Terran Vehicle And Ship Armor Level 1  
  103  10:55  Starport Tech Lab  
  103  10:56  Marauder  
  105  10:58  Missile Turret  
  105  11:01  Rapid Reignition System  
  105  11:03  SCV  
  106  11:05  Combat Shield, Supply Depot  
  106  11:07  Stimpack  
  106  11:14  Refinery  
  106  11:15  SCV  
  106  11:18  Refinery, Marauder  
  109  11:25  Marine x3  
  111  11:26  Marine  
  111  11:27  SCV  
  111  11:28  Supply Depot  
  113  11:39  SCV  
  107  11:51  SCV  
  108  11:55  Marine x2  
  108  11:57  Marine x2  
  108  11:58  Marine x2  
  108  12:00  Marauder  
  116  12:03  SCV  
  116  12:04  Medivac  
  116  12:07  Medivac  
  121  12:13  Marine x2  
  121  12:14  Marine  
  121  12:15  Marine x2, SCV  
  125  12:16  Marine  
  125  12:21  Marauder  
  129  12:23  Marauder  
  129  12:27  SCV  
  132  12:30  Marine  
  132  12:31  Marine  
  132  12:32  Marine  
  132  12:34  Medivac  
  136  12:37  Medivac  
  136  12:43  Marauder  
  140  12:45  Marauder  
Show
View Real Time Build Order
Export as new Build Order

MoJeaux Protoss 

Build Orders:  

Get SALT Encoding   

  12  0:02  Probe  
  13  0:14  Probe  
  13  0:18  Assimilator  
  14  0:26  Probe  
  15  0:32  Pylon  
  15  0:40  Pylon  
  15  0:50  Probe  
  16  1:02  Probe  
  17  1:05  Forge  
  17  1:13  Pylon  
  17  1:26  Probe  
  18  1:38  Probe, Assimilator  
  19  1:50  Probe  
  19  1:53  Photon Cannon  
  20  2:02  Probe  
  21  2:14  Probe  
  22  2:26  Probe  
  23  2:54  Nexus  
  23  2:57  Photon Cannon  
  23  3:00  Photon Cannon  
  23  3:11  Gateway  
  23  3:23  Gateway  
  23  3:53  Pylon  
  23  3:58  Photon Cannon  
  23  3:59  Photon Cannon  
  23  4:06  Probe  
  24  4:18  Probe  
  24  4:19  Pylon  
  24  4:20  Pylon  
  25  4:25  Zealot  
  25  4:26  Zealot  
  25  4:30  Probe  
  30  4:42  Probe  
  30  4:45  Cybernetics Core  
  31  4:49  Pylon  
  31  4:54  Probe  
  32  5:07  Probe  
  31  5:19  Probe  
  32  5:31  Probe  
  32  5:44  Zealot  
  32  6:19  Stalker  
  32  6:23  Stalker  
  30  6:49  Stalker  
  30  6:53  Stalker  
  34  7:19  Stalker  
  34  7:21  Probe  
  35  7:23  Stalker  
  37  7:33  Probe  
  32  7:38  Probe  
  28  7:45  Probe  
  28  7:48  Stalker  
  28  7:51  Probe  
  25  7:53  Stalker  
  27  8:03  Probe  
  28  8:15  Probe  
  28  8:18  Stalker  
  31  8:23  Stalker  
  33  8:27  Probe  
  34  8:39  Probe  
  35  8:48  Stalker  
  35  8:51  Probe  
  35  8:53  Stalker  
  40  8:56  Gateway x2  
  40  8:57  Gateway  
  40  8:58  Gateway  
  40  9:00  Gateway  
  40  9:02  Gateway  
  40  9:03  Probe  
  40  9:06  Gateway  
  41  9:15  Probe  
  42  9:18  Stalker  
  42  9:23  Stalker  
  46  9:27  Probe  
  47  9:39  Probe  
  48  9:45  Pylon  
  48  9:49  Sentry  
  48  9:52  Probe  
  51  9:53  Stalker  
  51  9:58  Stalker x3  
  59  10:06  Probe  
  60  10:15  Stalker  
  60  10:19  Probe  
  63  10:23  Stalker  
  65  10:29  Nexus  
  65  10:31  Probe  
  66  10:40  Pylon  
  66  10:44  Pylon  
  66  10:45  Stalker  
  66  10:49  Assimilator  
  68  10:53  Stalker, Assimilator  
  70  11:15  Stalker  
  58  11:45  Stalker x5, Zealot  
  58  11:46  Stalker x3  
  58  12:10  Shield Battery  
  58  12:11  Shield Battery  
  58  12:12  Stalker  
  58  12:13  Shield Battery, Probe  
  61  12:25  Probe  
Tags
 
Add a new tag
Caveats
  • Supply blocks, unpowered buildings, or Contaminate may cause inaccurate times.
  • Supply counts are checked every 10 seconds.